 Dungeon Crawl Stone Soup version 0.29-a0-1027-gcd8c55af63 (console) character file.

Game seed: 14875890620035549022

30468 jejorda2 the Carver (level 13, -3/113 HPs)
             Began as a Red Draconian Berserker on Aug 12, 2022.
             Was an Elder of Trog.
             Slain by a cane toad (15 damage)
             ... on level 2 of the Lair of Beasts.
             The game lasted 00:46:30 (16956 turns).

jejorda2 the Carver (Red Draconian Berserker)      Turns: 16956, Time: 00:46:30

Health: -3/113     AC:  9    Str: 19    XL:     13   Next: 20%
Magic:  13/13      EV: 17    Int:  8    God:    Trog [****..]
Gold:   877        SH:  9    Dex: 16    Spells: 12/12 levels left

rFire   + . .      SeeInvis .   a - +3 scimitar (flame)
rCold   . . .      Faith    .   H - +2 buckler {rN+}
rNeg    + . .      Spirit   .   (body armour unavailable)
rPois   .          Reflect  .   (helmet restricted)
rElec   .          Harm     .   B - +0 cloak
rCorr   .          Rampage  .   (no gloves)
Will    +....                   (no boots)
Stlth   +++.......              (no amulet)
HPRegen 0.28/turn               y - ring of willpower
MPRegen 0.13/turn               r - +4 ring of slaying

@: on berserk cooldown, slowed, very slow
A: breathe fire, AC +8, unfitting armour, fire resistance 1, cold-blooded
a: Breathe Fire, Renounce Religion, Berserk, Trog's Hand, Brothers in Arms


You were on level 2 of the Lair of Beasts.
You worshipped Trog.
Trog was greatly pleased with you.
You visited 2 branches of the dungeon, and saw 13 of its levels.
You also visited: Ossuary.

You collected 1342 gold pieces.
You spent 465 gold pieces at shops.

Inventory:

Hand Weapons
 a - a +3 scimitar of flaming (weapon)
 b - the +6 rapier of Conversion {vorpal, rPois Str+4 Int+2}
   (You found it on level 10 of the Dungeon)

   It inflicts extra damage upon your enemies.
   Str:       It affects your strength (+4).
   Int:       It affects your intelligence (+2).
   rPois:     It protects you from poison.
Missiles
 l - 9 poisoned darts (quivered)
 m - 2 boomerangs
 n - 101 stones
 q - 2 throwing nets
 E - 6 silver boomerangs
Armour
 B - a +0 cloak (worn)
 H - a +2 buckler of positive energy (worn)
Jewellery
 r - a +4 ring of slaying (right hand)
 y - a ring of willpower (left hand)
Wands
 g - a wand of mindburst (19)
 t - a wand of digging (4)
 x - a wand of iceblast (7)
 A - a wand of acid (7)
 J - a wand of paralysis (1)
Scrolls
 f - a scroll of enchant armour
 i - 2 scrolls of magic mapping
 o - 2 scrolls of teleportation
 p - 3 scrolls of butterflies
 v - 2 scrolls of enchant weapon
 C - a scroll of blinking
Potions
 c - 2 potions of invisibility
 d - 4 potions of cancellation
 e - 4 potions of lignification
 h - 4 potions of ambrosia
 j - 7 potions of heal wounds
 k - a potion of berserk rage
 s - 12 potions of curing
 u - 2 potions of attraction
 w - a potion of flight {unknown}
 z - 2 potions of haste
 D - 2 potions of might {unknown}
 F - 2 potions of magic {unknown}
 G - 3 potions of mutation {unknown}


   Skills:
 - Level 10.0 Fighting
 - Level 14.0 Long Blades
 + Level 9.7 Dodging
 - Level 4.0 Stealth
 * Level 10.4 Shields
 - Level 6.0 Evocations


You had 12 spell levels left.
You didn't know any spells.
Your spell library was empty.

Dungeon Overview and Level Annotations

Branches:
Dungeon (11/15)            Temple (0/1) D:4            Lair (2/5) D:8
    Orc (0/2) D:11        Ossuary (visited)
  Swamp: Lair:2-3    Shoals: Lair:2-3     Snake: Lair:2-3    Spider: Lair:2-3

Altars:
Ashenzari
Cheibriados
Fedhas
Gozag
Kikubaaqudgha
Nemelex Xobeh
Qazlal
Sif Muna
Trog
Uskayaw
Vehumet
Xom
Yredelemnul
Zin

Shops:
D:4 **   D:5 ?   D:6 *:   D:7 [   D:10 [(


Innate Abilities, Weirdness & Mutations

You can breathe blasts of fire.
Your fiery red scales are hard. (AC +8)
You cannot fit into any form of body armour.
Your flesh is heat resistant. (rF+)
You are cold-blooded and may be slowed by cold attacks.


Message History

An elephant comes into view.
The bullfrog completely misses you.
A cane toad comes into view.
There is a stone staircase leading up here.
You feel sick. The bullfrog misses you. The blink frog barely misses you.
The elephant tramples you!
You stumble backwards!
You stop ascending the stairs.
The blink frog misses you. The elephant completely misses you.
The elephant trunk-slaps you but does no damage.
Unknown command.
Unknown command.
The elephant attacks as you move away! The elephant tramples you!
You block the elephant's attack.
You feel sick.
The blink frog blinks!
The blink frog hits you!
You feel sick.
You are no longer poisoned.
The blink frog barely misses you.
The blink frog blinks!
The blink frog hits you!
* * * LOW HITPOINT WARNING * * *
The blink frog blinks!
The elephant tramples you!
* * * LOW HITPOINT WARNING * * *
You stumble backwards!
Blink to where?
Press: ? - help, Dir - move target
As you read the scroll of blinking, it crumbles to dust.
The wyvern closely misses you. You block the elephant's attack.
The elephant trunk-slaps you but does no damage.
The bullfrog misses you. The wyvern bites you.
* * * LOW HITPOINT WARNING * * *
The blink frog blinks!
Unknown command.
Blink to where?
Press: ? - help, Dir - move target
As you read the scroll of blinking, it crumbles to dust.
The blink frog gives a loud, deep croak!
An elephant comes into view.
You fail to use your ability.
The elephant trumpets!
You hear a trumpeting!
The blink frog blinks!
The cane toad stings you!
You die...

#....##..#..≈≈≈≈≈≈ .
##...:#.§<...§≈≈≈≈
..###....##..Y...≈≈≈≈
.......!###.Y§#......
........##F.........#
#.......YlF.)....#.
#.#.....Y...####...
#P..#FY...## #..
#...@##....##
#...####....##
#....####....##
#P..#.# #.....###
##....#####.....## ##
#.....P## ##.....#..#
####....#####........
#....#.###........
###.....##........


You could see 5 elephants, a cane toad, a blink frog, a wyvern and a bullfrog.

Vanquished Creatures
  The ghost of Veterankin the Spear-Bearer, a journeyman HOMo of Beogh (Lair:1)
  A hydra (D:11)
  Erica (D:10)
  An ogre mage (D:11)
  4 two-headed ogres
  Amaemon (D:9)
  Lodul (D:10)
  Pikel (D:4)
  A cyclops (D:11)
  A manticore (D:11)
  Maurice (D:9)
  An elephant (Lair:1)
  A black mamba (Lair:1)
  An orange demon (D:9)
  3 gargoyles
  9 cane toads
  A kobold demonologist (D:11)
  A yaktaur (D:11)
  3 komodo dragons
  2 trolls (D:11)
  A queen bee (D:11)
  9 blink frogs
  Grinder (D:3)
  A hornet (D:11)
  Sigmund (D:4)
  2 shadows (D:11)
  A vampire (D:11)
  2 wraiths (D:11)
  18 yaks
  3 wyverns
  Eustachio (D:4)
  A basilisk (Lair:1)
  Grum (D:9)
  2 steam dragons (D:8)
  Menkaure (D:4)
  4 vampire mosquitoes (D:11)
  An acid dragon (D:11)
  7 water moccasins
  7 orc warriors
  An ice beast (D:7)
  10 ogres
  A sky beast (shapeshifter) (D:11)
  5 black bears
  9 wolves
  6 centaurs
  2 phantoms
  A kobold brigand (D:9)
  An elf zombie (Ossuary)
  Blork the orc (D:4)
  12 bullfrogs
  A necrophage (D:5)
  A gnoll sergeant (D:6)
  A scorpion (D:3)
  5 wights (D:6)
  42 killer bees
  A howler monkey (D:10)
  4 crimson imps (D:6)
  3 centaur zombies (Ossuary)
  2 hounds
  A human zombie (Ossuary)
  8 orc priests
  A gnoll bouda (D:8)
  Ijyb (D:5)
  A jelly (D:6)
  3 iguanas (D:5)
  Natasha (thrice) (D:3)
  9 orc wizards
  2 mummies (Ossuary)
  9 adders
  7 gnolls
  A white imp (D:8)
  An ufetubus (D:7)
  3 adder zombies (Ossuary)
  2 worms
  4 dart slugs
  23 orcs
  9 ball pythons
  9 endoplasms
  3 giant cockroaches
  6 goblins
  10 hobgoblins
  4 jackals (D:5)
  4 quokkas
  2 bats
  A frilled lizard (D:1)
  A goblin zombie (Ossuary)
  6 hobgoblin zombies (Ossuary)
  A jackal zombie (Ossuary)
  8 kobolds
  11 kobold zombies (Ossuary)
  9 orc zombies (Ossuary)
  2 rats
374 creatures vanquished.

Vanquished Creatures (collateral kills)
  A boulder beetle (D:11)
  2 killer bees (D:11)
3 creatures vanquished.

Vanquished Creatures (others)
  17 fungi
  21 plants
38 creatures vanquished.

Grand Total: 415 creatures vanquished

Notes
Turn   | Place    | Note
-------+----------+-------------------------------------------
     0 | D:1      | jejorda2 the Draconian Berserker began the quest for the
                  | Orb.
     0 | D:1      | Reached XP level 1. HP: 19/19 MP: 1/1
   194 | D:1      | Reached XP level 2. HP: 25/26 MP: 2/2
   966 | D:1      | Reached XP level 3. HP: 33/33 MP: 3/3
  1301 | D:2      | Reached ** piety under Trog
  1320 | D:2      | Reached skill level 4 in Long Blades
  1328 | D:2      | Reached XP level 4. HP: 35/40 MP: 4/4
  2267 | D:3      | Noticed a scorpion
  2269 | D:3      | Noticed Natasha
  2275 | D:3      | Killed a scorpion
  2276 | D:3      | Reached XP level 5. HP: 46/46 MP: 5/5
  2278 | D:3      | Killed Natasha
  2335 | D:3      | Noticed Grinder
  2358 | D:3      | Paralysed by Grinder for 4 turns
  2359 | D:3      | HP: 2/47 [Grinder (5)]
  2364 | D:3      | Killed Grinder
  2365 | D:3      | Reached skill level 5 in Long Blades
  2365 | D:3      | Reached XP level 6. HP: 4/55 MP: 6/6
  3073 | D:3      | Noticed Natasha
  3091 | D:3      | Killed Natasha
  3554 | D:3      | Noticed Natasha
  3561 | D:3      | Killed Natasha
  3562 | D:3      | Reached skill level 5 in Fighting
  3601 | D:4      | Noticed Eustachio
  3609 | D:4      | Killed Eustachio
  3609 | D:4      | Noticed Pikel
  3610 | D:4      | Reached skill level 6 in Long Blades
  3610 | D:4      | Your scales start taking on a fiery red colour.
  3610 | D:4      | Reached XP level 7. HP: 59/61 MP: 7/7
  3610 | D:4      | Gained mutation: Your flesh is heat resistant. (rF+) [Red
                  | Draconian growth]
  3619 | D:4      | Killed Pikel
  3620 | D:4      | Reached skill level 7 in Long Blades
  3620 | D:4      | Reached skill level 5 in Dodging
  3620 | D:4      | Reached XP level 8. HP: 65/70 MP: 8/8
  3628 | D:4      | Noticed Blork the orc
  3641 | D:4      | Killed Blork the orc
  3653 | D:4      | Found a sand-covered staircase.
  3658 | D:4      | Noticed Sigmund
  3662 | Ossuary  | Entered an ossuary
  4024 | Ossuary  | Reached skill level 8 in Long Blades
  4084 | D:4      | Killed Sigmund
  4243 | D:4      | Found a broken altar of Ashenzari.
  4244 | D:4      | Found a basalt altar of Yredelemnul.
  4244 | D:4      | Noticed Menkaure
  4246 | D:4      | Killed Menkaure
  4255 | D:4      | Reached skill level 9 in Long Blades
  4317 | D:4      | Found Uvenkut's Specific Store.
  4318 | D:4      | Found Jewn's General Store.
  4381 | D:4      | Found a glowing silver altar of Zin.
  4381 | D:4      | Found a radiant altar of Vehumet.
  4461 | D:4      | Found a staircase to the Ecumenical Temple.
  4646 | D:5      | Entered Level 5 of the Dungeon
  4905 | D:5      | Found an ancient bone altar of Kikubaaqudgha.
  4923 | D:5      | Reached XP level 9. HP: 64/75 MP: 9/9
  5181 | D:5      | Reached *** piety under Trog
  5182 | D:5      | Reached skill level 10 in Long Blades
  5302 | D:5      | Found Jydig's Magic Scroll Shop.
  5308 | D:5      | Bought a scroll of identify for 30 gold pieces
  5308 | D:5      | Bought a scroll of brand weapon for 142 gold pieces
  5362 | D:5      | Noticed Ijyb
  5373 | D:5      | Killed Ijyb
  5766 | D:6      | Found a blossoming altar of Fedhas.
  5771 | D:6      | Found Hiucrud's General Store.
  5784 | D:6      | Reached skill level 11 in Long Blades
  5857 | D:6      | Bought a scroll of identify for 22 gold pieces
  5883 | D:6      | Identified the +5 hand axe of Peril {vorpal, rElec}
  5933 | D:6      | Found Dotiph Noim's Tremendous Tomes.
  5973 | D:6      | Reached skill level 1 in Shields
  6155 | D:6      | Found a shimmering altar of Xom.
  6283 | D:6      | You fall into a shaft and drop 1 floor!
  6735 | D:7      | Found a stormy altar of Qazlal.
  6756 | D:7      | Found a hide-covered altar of Uskayaw.
  6774 | D:7      | Found Emumyeh's Armour Emporium.
  6798 | D:7      | Bought a +0 cloak for 49 gold pieces
  6823 | D:7      | Reached skill level 12 in Long Blades
  7342 | D:8      | Identified the +1 ring mail of the Soldier {Fly Int+4
                  | Dex+2}
  7387 | D:8      | Reached XP level 10. HP: 66/83 MP: 10/10
  7579 | D:8      | Found a staircase to the Lair.
  7591 | D:8      | Identified the +0 ring mail of Insecurity {Dex+4}
  7720 | D:8      | Reached **** piety under Trog
  7997 | D:8      | Reached skill level 13 in Long Blades
  8124 | D:8      | Found a bloodstained altar of Trog.
  8604 | D:9      | Noticed Amaemon
  8616 | D:9      | Noticed an orange demon
  8626 | D:9      | Killed Amaemon
  8627 | D:9      | Reached skill level 5 in Shields
  8783 | D:9      | Killed an orange demon
  8853 | D:9      | Noticed a two-headed ogre
  8867 | D:9      | Killed a two-headed ogre
  9049 | D:9      | Reached skill level 14 in Long Blades
  9369 | D:9      | Noticed Maurice
  9378 | D:9      | Killed Maurice
  9379 | D:9      | Reached skill level 1 in Stealth
  9379 | D:9      | Reached skill level 1 in Evocations
  9379 | D:9      | Reached XP level 11. HP: 89/89 MP: 11/11
  9428 | D:9      | Found a shimmering blue altar of Sif Muna.
 10028 | D:9      | Noticed Grum
 10041 | D:9      | Killed Grum
 10576 | D:10     | Entered Level 10 of the Dungeon
 10576 | D:10     | Found Wexzaow's Armour Boutique.
 10821 | D:10     | Bought a +2 buckler of positive energy for 222 gold pieces
 10870 | D:10     | Found a sparkling altar of Nemelex Xobeh.
 10870 | D:10     | Found an opulent altar of Gozag.
 10929 | D:10     | Found Jangugof's Weapon Boutique.
 10961 | D:10     | Identified the +6 rapier of Conversion {vorpal, rPois Str+4
                  | Int+2}
 11043 | D:10     | Found a snail-covered altar of Cheibriados.
 11072 | D:10     | Noticed a two-headed ogre
 11078 | D:10     | Killed a two-headed ogre
 11434 | D:10     | Noticed Erica
 11439 | D:10     | Noticed Lodul
 11446 | D:10     | Killed Erica
 11451 | D:10     | Killed Lodul
 11467 | D:10     | Reached skill level 5 in Evocations
 12189 | D:11     | Found a staircase to the Orcish Mines.
 12840 | D:11     | Reached XP level 12. HP: 62/97 MP: 12/12
 13054 | D:11     | Noticed a boulder beetle
 13078 | D:11     | Killed a boulder beetle
 13201 | D:11     | Noticed an ogre mage
 13208 | D:11     | Killed an ogre mage
 13222 | D:11     | Noticed a two-headed ogre
 13634 | D:11     | Noticed a two-headed ogre
 13648 | D:11     | Killed a two-headed ogre
 13652 | D:11     | Killed a two-headed ogre
 13655 | D:11     | HP: 5/103 [manticore (11)]
 14176 | D:11     | Noticed a seven-headed hydra
 14185 | D:11     | Killed a three-headed hydra
 14576 | Lair:1   | Entered Level 1 of the Lair of Beasts
 14901 | Lair:1   | Noticed Veterankin's ghost (journeyman HOMo)
 14909 | Lair:1   | Found a runed translucent gate.
 14909 | Lair:1   | Found a runed translucent gate.
 14909 | Lair:1   | Found a runed translucent gate.
 15293 | Lair:1   | Reached skill level 10 in Fighting
 15983 | Lair:1   | Killed Veterankin's ghost
 16185 | Lair:2   | Reached XP level 13. HP: 87/113 MP: 13/13
 16625 | Lair:2   | Reached skill level 10 in Shields
 16956 | Lair:2   | Slain by a cane toad

Illustrated notes

Levels and vault maps discovered:
D:1:      dpeg_arrival_more_subterranean_lakeside_camping, layout_basic
D:2:      layout_loops_cross, minmay_octomino_e4
D:3:      layout_loops_ring, kennysheep_generic_room_8, uniq_grinder,
          uniq_natasha
D:4:      layout_cave_pools, gammafunk_temple_overflow_pools,
          gammafunk_temple_overflow_elements,
          minmay_temple_entry_drinking_statues, enter_ossuary_1, hex_medium,
          nicolae_specific_store, uniq_sigmund, uniq_pikel, uniq_eustachio,
          uniq_blork_the_orc, uniq_menkaure
D:5:      layout_gridville, mainiacjoe_overflow_six_doors_small, serial_shops,
          shop, uniq_ijyb
D:6:      layout_rooms, fedhas_altar_3, led_xom_imps, serial_shops,
          nicolae_shop_crystal, nicolae_shop_i_like_big_books
D:7:      layout_gridville, mainiacjoe_overflow_concentric_impassable,
          nicolae_qazlal_scattered_showers, serial_shops, shop
D:8:      layout_loops_ring, mainiacjoe_overflow_alcove_4, david_lair_shrubbed
D:9:      layout_cave_pods, led_sif_pool, uniq_amaemon, uniq_grum, uniq_maurice
D:10:     layout_irregular_city, grunt_temple_overflow_opulence,
          kennysheep_slug_shrine, serial_shops, nicolae_shop_statue_plus,
          nicolae_stop_n_shop_2, uniq_erica, uniq_lodul
D:11:     regret_index_bee_streams, layout_loops_ring, david_orc_1_choice
Lair:1:   layout_gridlike, gammafunk_ghost_split, lemuel_fruit_tree
Lair:2:   layout_concentric_octagons, st_stairs_3, minivault_26,
          nicolae_quartered_pool_impasse, beast_lair_carwin_7, uniq_sonja

Skill      XL: |  1  2  3  4  5  6  7  8  9 10 11 12 13 |
---------------+----------------------------------------+-----
Dodging        | 3 4 5 6 9 |  9.7
Long Blades    | 4 5 6 7 9 12 14 | 14.0
Fighting       | 4 5 6 10 | 10.0
Shields        | 3 6 8 9 10 | 10.4
Stealth        | 1 4 |  4.0
Evocations     | 1 5 6 |  6.0

Action                   |  1- 3 |  4- 6 |  7- 9 | 10-12 | 13-15 || total
-------------------------+-------+-------+-------+-------+-------++-------
Melee: Falchion          |    88 |   108 |    16 |       |       ||   212
       Tailslap          |    10 |    15 |    44 |   101 |    12 ||   182
       Punch             |     1 |     1 |     6 |       |       ||     8
       Scimitar          |       |       |   279 |   578 |    50 ||   907
       Rapier            |       |       |       |       |    15 ||    15
Throw: Dart              |       |       |       |     6 |       ||     6
Invok: Berserk           |       |     3 |     8 |    18 |     2 ||    31
       Trog's Hand       |       |     1 |     2 |     9 |       ||    12
       Brothers in Arms  |       |       |       |     3 |     1 ||     4
 Abil: Breathe Fire      |       |       |    16 |    23 |     1 ||    40
Evoke: Wand              |       |       |       |     7 |       ||     7
  Use: Potion            |       |     1 |       |     5 |     2 ||     8
       Scroll            |       |     4 |    13 |     7 |     2 ||    26
 Stab: Sleeping          |     1 |     2 |     2 |     3 |       ||     8
       Invisible         |       |     1 |       |       |       ||     1
       Distracted        |       |       |       |     1 |     1 ||     2
Armor: Skin              |    15 |    28 |    99 |   115 |    12 ||   269
Dodge: Dodged            |    48 |    68 |   203 |   315 |    50 ||   684
Block: Buckler           |       |       |    15 |   205 |    37 ||   257

Table legend: (Time is in decaauts)
 A = Elapsed time spent in this place.
 B = Non-inter-level travel time spent in this place.
 C = Inter-level travel time spent in this place.
 D = Time resting spent in this place.
 E = Time spent auto-exploring this place.
 F = Levels seen in this place.
 G = Mean time per level.
                   A        B        C        D        E       F      G
               +--------+--------+--------+--------+--------+-----+--------+
         Total |  17046 |  16429 |    617 |   2707 |  11234 |  14 | 1217.6 |
       Dungeon |  14277 |  13779 |    498 |   2246 |   9587 |  11 | 1297.9 |
          Lair |   2342 |   2224 |    118 |    429 |   1421 |   2 | 1171.0 |
       Ossuary |    426 |    426 |      0 |     32 |    226 |   1 |  426.0 |
               +--------+--------+--------+--------+--------+-----+--------+

Top non-repeatable levels by time:
    D:11: 2360 daAuts
     D:9: 2123 daAuts
  Lair:1: 1850 daAuts
     D:3: 1705 daAuts
     D:8: 1454 daAuts
    D:10: 1361 daAuts
     D:5: 1054 daAuts
     D:1: 1041 daAuts
     D:7: 1021 daAuts
     D:2: 895 daAuts
     D:4: 649 daAuts
     D:6: 610 daAuts
  Lair:2: 491 daAuts
 Ossuary: 426 daAuts
